 Dungeon Crawl Stone Soup version 0.31-a0-236-g9a0961fb85 (webtiles) character file.

Game seed: 2376838500902055181

97 qw the Shooter (level 4, -4/26 HPs)
             Began as a Gargoyle Hexslinger on July 10, 2023.
             Slain by a gnoll
             ... wielding a +0 flail
              (6 damage)
             ... on level 3 of the Dungeon.
             The game lasted 00:00:45 (1990 turns).

qw the Shooter (Gargoyle Hexslinger)                Turns: 1990, Time: 00:00:45

Health: -4/26      AC: 11    Str: 11    XL:     4   Next: 68%
Magic:  5/5        EV: 10    Int: 14    God:
Gold:   89         SH:  0    Dex: 14    Spells: 4/5 levels left

rFire   . . .        Y - +2 sling
rCold   . . .        (no shield)
rNeg    + . .        d - +0 ring mail
rPois   inf          e - +1 helmet
rElec   +            (no cloak)
rCorr   .            (no gloves)
SInv    .            (no boots)
Will    .....        (no amulet)
Stlth   +            (no ring)
HPRegen 0.24/turn    (no ring)
MPRegen 0.09/turn

%: no passive effects
@: no status effects
A: sickness immunity, AC +3, negative energy resistance 1, electricity
resistance, torment resistance 1, petrification resistance
a: no special abilities


You were on level 3 of the Dungeon.
You visited 1 branch of the dungeon, and saw 3 of its levels.

You collected 89 gold pieces.


Innate Abilities, Weirdness & Mutations

You are immune to sickness and miasma.
Your stone body is resilient. (AC +3)
You are immune to poison.
You resist negative energy. (rN+)
You are resistant to electric shocks. (rElec)
You are resistant to unholy torment.
You are immune to petrification.


   Skills:
 - Level 2.0 Fighting
 + Level 4.0 Ranged Weapons
 - Level 1.8 Armour
 - Level 1.5 Dodging
 - Level 1.0 Spellcasting
 - Level 2.6 Hexes


You had 4 spell levels left.
You knew the following spells:

 Your Spells              Type           Power      Damage    Failure   Level
a - Slow                  Hex            32%        N/A       21%         1

Your spell library contained the following spells:

 Spells                   Type           Power      Damage    Failure   Level
 Inner Flame              Hex/Fire       4%         N/A       71%         3
 Portal Projectile        Hex/Tloc       8%         N/A       71%         3
 Cause Fear               Hex            4%         N/A       90%         4

Inventory:

Hand Weapons
 Y - a +2 sling (weapon)
Armour
 d - a +0 ring mail (worn)
 e - a +1 helmet (worn)
Potions
 b - a potion of resistance {unknown}
 g - a potion of attraction {unknown}
 h - 2 potions of curing
 i - a potion of might

Dungeon Overview and Level Annotations

Branches:
Dungeon (3/15)

Altars:

Shops:
D:1 (


Message History

You tear a large gash into the net.
A bat comes into view.
The gnoll hits you with a +0 club.
The gnoll hits you but does no damage. x2
The bat moves out of view.
You struggle against the net.
The gnoll hits you but does no damage.
The gnoll hits you from afar with a +0 spear. x2
You rip the net and break free!
The gnoll hits you but does no damage. The gnoll barely misses you.
The gnoll hits you but does no damage.
You shoot a sling bullet.
The sling bullet closely misses the gnoll.
The sling bullet hits the gnoll.
The gnoll is heavily wounded.
The gnoll hits you but does no damage. x4
You shoot a sling bullet.
The sling bullet closely misses the gnoll.
The sling bullet hits the gnoll.
The gnoll is severely wounded.
The gnoll barely misses you.
The gnoll hits you from afar with a +0 spear!
The gnoll hits you from afar with a +0 spear.
You shoot a sling bullet.
The sling bullet closely misses the gnoll.
The sling bullet hits the gnoll.
You kill the gnoll!
The gnoll hits you with a +0 club. The gnoll completely misses you.
The gnoll hits you but does no damage. The gnoll closely misses you. x2
Your Ranged Weapons skill increases to level 4!
You shoot a sling bullet. The sling bullet hits the gnoll.
The gnoll is moderately wounded.
The bat hits the plant.
The plant begins to die.
The bat hits the plant. x2
The gnoll barely misses you. The gnoll closely misses you.
The gnoll hits you but does no damage.
You shoot a sling bullet. The sling bullet hits the gnoll.
The gnoll is heavily wounded.
The bat hits you but does no damage.
The gnoll hits you from afar with a +0 spear.
The gnoll hits you with a +0 flail.
You die...

#.####....#..... ......
#.# #....#...77 ......
#.# #....#..777 ......#
#.# #....#..7.. .......
#.####....#..7P. .......
#.#.P.....##.P..
.....g.##......#####.P.7
......g#bP.7P......#.7.7
#.)g@(P.7..####.#...#
#....P777........#'###
#.....7.............#
.......7...P..........+
###...P P.............#
#.#.. #.#..........#
...#.. #.##.......# ..
#.# #..<#.#'####
#####.#.#


You could see 3 gnolls and a bat.

Vanquished Creatures
  A sleepcap (D:3)
  A gnoll (D:3)
  2 adders (D:2)
  A dart slug (D:1)
  3 bats
  3 endoplasms
  4 giant cockroaches (D:1)
  5 goblins
  2 hobgoblins (D:1)
  2 kobolds
  A quokka (D:3)
  7 ball pythons
  5 frilled lizards
  4 rats
41 creatures vanquished.

Notes
Turn   | Place    | Note
-------+----------+-------------------------------------------
     0 | D:1      | qw the Gargoyle Hexslinger began the quest for the Orb.
     0 | D:1      | Reached XP level 1. HP: 12/12 MP: 2/2
     0 | D:1      | 0 ||| qw: Version: 0.3-a-52-g30416fa
     0 | D:1      | 0 ||| qw: Game counter: 4868
     0 | D:1      | 0 ||| qw: Melee chars always use a shield: true
     0 | D:1      | 0 ||| qw: God list: Okawaru
     0 | D:1      | 0 ||| qw: Allow faded altars: false
     0 | D:1      | 0 ||| qw: Do Orc after clearing Dungeon:15 true
     0 | D:1      | 0 ||| qw: Do second Lair branch before Depths: true
     0 | D:1      | 0 ||| qw: Lair rune preference: random
     0 | D:1      | 0 ||| qw: Goals: Normal
     0 | D:1      | 0 ||| PLANNING D:1-11
   124 | D:1      | Reached XP level 2. HP: 16/16 MP: 3/3
   257 | D:1      | Reached skill level 3 in Ranged Weapons
   456 | D:1      | Found Mucaniy's Weapon Emporium.
   580 | D:1      | Reached XP level 3. HP: 21/21 MP: 4/4
   839 | D:1      | 839 ||| UPGRADING to +0 ring mail.
   849 | D:1      | 849 ||| DROPPING +0 robe.
   850 | D:1      | 850 ||| READING scroll labelled QUUSTY DECH.
   851 | D:1      | 851 ||| READING scroll labelled JUDUGOD LEKA.
   856 | D:1      | 856 ||| DRINKING 3 yellow potions.
   857 | D:1      | 857 ||| DRINKING 2 sedimented black potions.
   858 | D:1      | 858 ||| DROPPING scroll of poison.
  1552 | D:2      | Reached XP level 4. HP: 26/26 MP: 5/5
  1758 | D:2      | 1758 ||| UPGRADING to +1 helmet.
  1763 | D:2      | 1763 ||| READING scroll labelled COEXEEKIZAU.
  1764 | D:2      | 1764 ||| READING 4 scrolls labelled NETWYFAOMU.
  1765 | D:2      | 1765 ||| READING scroll labelled KUBBIUVIMA.
  1766 | D:2      | 1766 ||| READING 2 scrolls labelled ZOGGOJ LUCRA.
  1767 | D:2      | 1767 ||| READING scroll labelled KAC JEUMMATUIM.
  1768 | D:2      | 1768 ||| DROPPING 3 scrolls of vulnerability.
  1769 | D:2      | 1769 ||| DROPPING scroll of fear.
  1846 | D:3      | Reached skill level 1 in Armour
  1979 | D:3      | 1979 ||| Stepping ~*~*~tactically~*~*~ (outnumbered).
  1988 | D:3      | HP: 6/26 [gnoll/+0 club (3)]
  1989 | D:3      | Reached skill level 4 in Ranged Weapons
  1990 | D:3      | HP: 2/26 [gnoll/+0 spear (5)]
  1990 | D:3      | Slain by a gnoll

Levels and vault maps discovered:
D:1:      arrival_zaba_pyramid, layout_basic, serial_shops, shop
D:2:      layout_basic
D:3:      layout_basic, serial_forest, infiniplex_forest_clump_diagonal,
          infiniplex_forest_clump_small, infiniplex_forest_lined_2,
          infiniplex_forest_fountain, infiniplex_forest_corner_2,
          infiniplex_forest_clump_curved, nicolae_ecumenical_pavilion

Skill      XL: |  1  2  3  4 |
---------------+-------------+-----
Ranged Weapons | 3 4 |  4.0
Fighting       | 2 |  2.0
Armour         | 1 |  1.8
Dodging        | |  1.5
Spellcasting   | |  1.0
Hexes          | |  2.6

Action                     |  1- 3 |  4- 6 || total
---------------------------+-------+-------++-------
   Fire: Sling             |   142 |    30 ||   172
    Use: Scroll            |     2 |     5 ||     7
         Potion            |     2 |       ||     2
 Armour: Robe              |     7 |       ||     7
         Ring mail         |    30 |    22 ||    52
  Dodge: Dodged            |    51 |    16 ||    67

Table legend:
 A = Non-vault XP
 B = Vault XP
 C = Vault XP percentage of total XP
 D = Non-vault monster count
 E = Vault monster count
 F = Vault count percentage of total count
                 A         B        C        D         E       F
            +---------+---------+-------+---------+---------+-------
      Total |     139 |       0 |   0.0 |      41 |       0 |   0.0
            +---------+---------+-------+---------+---------+-------
        D:1 |      41 |       0 |   0.0 |      24 |       0 |   0.0
        D:2 |      42 |       0 |   0.0 |      14 |       0 |   0.0
        D:3 |      56 |       0 |   0.0 |       3 |       0 |   0.0
            +---------+---------+-------+---------+---------+-------
